 Dungeon Crawl Stone Soup version 0.18.0-2-g198d6d4 (webtiles) character file.

515356 Chiseanne the Sorcerer (level 24, 0/148 HPs)
             Began as a Demonspawn Wizard on May 5, 2016.
             Was a Follower of Vehumet.
             Slain by an acid blob (52 damage)
             ... on level 2 of the Pits of Slime.
             The game lasted 05:34:16 (77340 turns).

Chiseanne the Sorcerer (Demonspawn Wizard)         Turns: 77340, Time: 05:34:17

Health: 0/148      AC: 14    Str:  7    XL:     24   Next: 46%
Magic:  0/66       EV: 29    Int: 36    God:    Vehumet [*.....]
Gold:   321        SH:  8    Dex: 18    Spells: 13 memorised, 6 levels left

rFire  + + +     SeeInvis +     a - staff of power
rCold  + + .     Gourm    .     Q - +2 robe {rC+ rF+}
rNeg   + . .     Faith    .     A - +3 buckler {rF+}
rPois  +         Spirit   +     (helmet unavailable)
rElec  +         Dismiss  .     f - +2 cloak of Starlight {rElec rC+ EV+4 Stlth--}
rCorr  .         Reflect  .     h - +0 pair of gloves
SustAt .         Harm     .     y - +2 pair of boots {Stlth+}
MR     +....                    T - amulet of Ymish {RegenMP rPois rF+}
Stlth  ++........               E - ring of Pakellas's Wrath {rPois AC+2 Int+4}
                                t - ring "Vabish" {Wiz SInv}

@: very slightly contaminated, studying Stealth, repel missiles, somewhat
resistant to hostile enchantments, unstealthy
A: horns 3, thin skeletal structure 3, negative energy resistance 1, spiny 1,
50% torment resistance, magic shield, magic regeneration, magic link
a: Renounce Religion
}: 2/15 runes: serpentine, barnacled


You were on level 2 of the Pits of Slime.
You worshipped Vehumet.
Vehumet was aware of your devotion.
You were not hungry.

You visited 10 branches of the dungeon, and saw 48 of its levels.
You visited the Abyss 2 times.
You also visited: Sewer and Bailey.

You collected 27515 gold pieces.
You spent 15306 gold pieces at shops.
You paid 11888 gold pieces to Gozag.

Inventory:

Armour
 f - the +2 cloak of Starlight (worn) {rElec rC+ EV+4 Stlth--}
   (You bought it in a shop on level 15 of the Dungeon)

   It affects your evasion (+4).
   It protects you from cold.
   It insulates you from electricity.
   It makes you much less stealthy.
 h - a +0 pair of gloves (worn)
 y - a +2 pair of boots of stealth (worn)
 A - a +3 buckler of fire resistance (worn)
 Q - a +2 robe of resistance (worn)
Magical Staves
 a - an uncursed staff of power (weapon)
 P - an uncursed staff of energy
 U - an uncursed staff of fire
Jewellery
 d - the amulet of the Air {Inacc +Fly rElec EV+5 RMsl}
   (You bought it in a shop on level 15 of the Dungeon)

   [amulet of inaccuracy]

   It reduces the accuracy of all your attacks.
   It affects your evasion (+5).
   It insulates you from electricity.
   It lets you fly.
   It protects you from missiles.
 t - the ring "Vabish" (left hand) {Wiz SInv}
   (You bought it in a shop on level 5 of the Dungeon)

   [ring of wizardry]

   It improves your spell success rate.
   It lets you see invisible.
 E - the ring of Pakellas's Wrath (right hand) {rPois AC+2 Int+4}
   (You found it on level 7 of the Dungeon)

   [ring of protection]

   It affects your AC (+2).
   It affects your intelligence (+4).
   It protects you from poison.
 T - the amulet of Ymish (around neck) {RegenMP rPois rF+}
   (You found it on level 3 of the Elven Halls)

   [amulet of magic regeneration]

   It increases your magic regeneration.
   It protects you from fire.
   It protects you from poison.
Wands
 c - a wand of teleportation (5/9)
 n - a wand of heal wounds (4/9)
 q - a wand of disintegration (4/24)
 u - a wand of disintegration (13/24)
 z - a wand of teleportation (4/9)
 M - a wand of teleportation (6/9)
 N - a wand of teleportation (3/9)
Scrolls
 e - 3 scrolls of fog
 g - 17 scrolls of remove curse
 l - 14 scrolls of identify
 s - a scroll of recharging
 B - a scroll of enchant armour
 F - 2 scrolls of magic mapping
 J - 3 scrolls of blinking
 K - 6 scrolls of immolation
 L - 5 scrolls of fear
 O - a scroll of summoning
 Z - 4 scrolls of teleportation
Potions
 i - 2 potions of invisibility
 o - 2 potions of ambrosia
 r - 4 potions of flight
 D - 3 potions of haste
 G - a potion of cancellation
 H - 2 potions of resistance
 I - 3 potions of curing
 R - 7 potions of brilliance
Books
 V - a manual of Stealth
Miscellaneous
 b - a phial of floods (inert)
 w - a fan of gales (inert)
 x - a stone of tremors (inert)
 C - 2 phantom mirrors
Comestibles
 p - 20 meat rations
 v - a bread ration


   Skills:
 - Level 2.5 Fighting
 - Level 5.1 Armour
 - Level 15.9 Dodging
 - Level 1.7 Stealth
 - Level 4.0 Shields
 - Level 24.2 Spellcasting
 * Level 18.2 Conjurations
 - Level 9.0 Charms
 - Level 4.1 Summonings
 - Level 0.8 Translocations
 * Level 17.4 Fire Magic
 - Level 11.5 Ice Magic
 - Level 7.0 Air Magic


You had 6 spell levels left.
You knew the following spells:

 Your Spells              Type           Power        Failure   Level  Hunger
a - Fire Storm            Conj/Fire      ########..   12%         9    ####...
b - Bolt of Cold          Conj/Ice       ########..   1%          6    None
c - Fireball              Conj/Fire      ########..   0%          5    None
d - Freezing Cloud        Conj/Ice/Air   #######...   1%          6    None
e - Orb of Destruction    Conj           ########..   1%          7    None
f - Magic Dart            Conj           ####         0%          1    None
h - Aura of Abjuration    Summ           ######....   1%          5    None
i - Repel Missiles        Chrm/Air       ######       1%          2    None
j - Blink                 Tloc           N/A          1%          2    None
k - Ring of Flames        Chrm/Fire      #######...   1%          7    None
l - Regeneration          Chrm/Necr      ######....   1%          3    None
m - Mephitic Cloud        Conj/Pois/Air  #######.     1%          3    None
n - Glaciate              Conj/Ice       ########..   58%         9    ####...


Dungeon Overview and Level Annotations

Branches:
Dungeon (15/15)            Temple (1/1) D:4            Lair (8/8) D:11
 Shoals (4/4) Lair:4        Snake (4/4) Lair:3        Slime (2/6) Lair:8
    Orc (2/2) D:10            Elf (3/3) Orc:2        Vaults (4/5) D:14
  Crypt (0/3) Vaults:2     Depths (5/5) D:15            Zot (0/5) Depths:5

Altars:
Ashenzari
Cheibriados
Dithmenos
Elyvilon
Fedhas
Gozag
Kikubaaqudgha
Makhleb
Nemelex Xobeh
Okawaru
Pakellas
Qazlal
Ru
Sif Muna
Trog
Vehumet
Xom
Yredelemnul
Zin
The Shining One
Beogh

Shops:
D:4 :   D:5 =   D:8 (   D:9 [   D:11 [(   D:15 [:[=:[   Orc:2 (=*[   Shoals:3 ?
Vaults:1 *   Vaults:2 (   Vaults:4 (%::   Depths:1 ?

Portals:
Hell: Lair:8 Depths:1 Depths:2 Depths:3 Depths:4 Depths:5
Abyss: Depths:4 Depths:5
Pandemonium: Depths:3 Depths:4
Ziggurat: Depths:5

Annotations:
D:4 1 runed door, no0bjke's ghost, amateur GrBe
D:7 exclusion: oklob plant


Innate Abilities, Weirdness & Mutations

You have a pair of large horns on your head.
You have an unnaturally thin skeletal structure (Dex +6, Stealth++).
You resist negative energy.
You are partially covered in sharp spines.
You are somewhat able to resist unholy torments (1 in 2 success).
When hurt, damage is shared between your health and your magic reserves.
You regenerate magic rapidly.
When low on magic, you restore magic in place of health.


Message History

The wall burns your fire vortex!
The jelly is engulfed in roaring flames.
The jelly dies!
Vehumet accepts your kill. The acid blob hits you!
You are splashed with acid!
The acid burns!
The walls burn your fire vortex!
Your fire vortex hits the slime creature.
Your fire vortex burns the slime creature!
Your fire vortex dissipates!
There is a stone staircase leading up here.
Casting: Fire Storm
Confirm with . or Enter, or press ? or * to list all spells.
Aiming: Bolt of Cold
Press: ? - help, Shift-Dir - straight line, f - acid blob
Aim: an acid blob (heavily wounded, berserk, fast, unusually strong, incited by Gozag)
The bolt of cold hits the acid blob.
The acid blob is almost dead.
You block the acid blob's attack. The acid blob is struck by your spines.
The acid blob hits you!!!
You die...

J......##
...§..#J###..
>.....v...... ..
.......v...... . ##
.v#v..........# .#.##
.........##..J.##.^.#
##
...v....###........#
. .......##
#......####.# ......
#...@....#.## .#....
#....J......#
##...........#
#.....#......#
##......§...## ##
###........#
##.####..J.§.>..#
#..........§....#
#.........##....#


You could see an acid blob (berserk), a slime creature and a jelly.

Vanquished Creatures
  2 juggernauts (Depths:5)
  Saint Roka (Orc:2)
  A caustic shrike (Depths:4)
  A golden dragon (Depths:4)
  Xtahua (Vaults:2)
  Jory (Depths:2)
  the Enchantress (Depths:5)
  A bone dragon (Depths:5)
  4 tentacled monstrosities
  Jorgrun (Snake:4)
  5 liches
  2 deep elf master archers (Elf:3)
  3 deep elf blademasters (Elf:3)
  3 titans (Depths:4)
  3 acid blobs
  5 sphinxes
  3 tentacled starspawn (Abyss:3)
  The ghost of feelmyfire the Warrior, an adept MiFi of Okawaru (Snake:2)
  A shadow dragon (Depths:4)
  5 storm dragons
  Agnes (D:14)
  4 tengu reavers
  3 azure jellies
  10 greater nagas (Snake:4)
  6 fire giants
  A draconian scorcher (Depths:5)
  6 frost giants
  11 deep elf sorcerers
  Ilsuiw (Shoals:4)
  Louise (Snake:4)
  A balrug (Depths:2)
  2 deep elf elementalists (Elf:3)
  12 vault wardens
  2 ghost moths (Depths:2)
  A cacodemon (Abyss:3)
  Aizul (Vaults:2)
  A reaper (Depths:4)
  12 very ugly things
  26 stone giants
  5 spriggan defenders (Depths:5)
  14 ironheart preservers
  A caustic shrike skeleton (Depths:4)
  6 deep elf demonologists
  Nessos (D:15)
  A salamander stormcaller (Vaults:4)
  2 green draconians (Depths:5)
  8 vampire knights
  Azrael (D:14)
  A purple draconian (Depths:5)
  2 spark wasps (Depths:4)
  9 deep elf annihilators
  A yellow draconian (Depths:5)
  8 merfolk impalers
  16 ettins
  A green death (Depths:3)
  9 fire dragons
  6 deep elf death magi
  11 yaktaur captains
  4 merfolk javelineers
  10 vault guards
  Josephine (Lair:6)
  7 great orbs of eyes
  6 deep elf high priests
  3 rakshasas
  13 naga warriors
  3 jiangshi (Depths:5)
  8 ice dragons
  11 hydras
  6 entropy weavers
  6 spriggan air magi
  16 anacondas
  2 merfolk aquamancers (Shoals:4)
  2 death knights
  18 deep troll shamans
  An alligator snapping turtle (Shoals:4)
  5 catoblepae
  16 ogre magi
  10 centaur warriors
  A satyr (Shoals:3)
  A merfolk avatar (Shoals:4)
  17 death yaks
  A tengu warrior (Depths:2)
  17 deep troll earth magi
  3 spriggan berserkers
  2 vampire magi (Depths:5)
  6 hell knights (Depths:3)
  4 thrashing horrors (Abyss:3)
  3 naga sharpshooters
  3 soul eaters
  Urug (D:14)
  5 deep elf knights
  12 shock serpents
  A shock serpent (shapeshifter) (D:15)
  An orc high priest (Orc:2)
  A fire crab (Vaults:2)
  9 shadow wraiths
  6 skeletal warriors
  3 sun demons
  2 salamander mystics
  2 wretched stars (Abyss:3)
  4 wizards
  A storm dragon skeleton (Depths:4)
  3 unseen horrors (shapeshifter)
  7 unseen horrors
  A sea snake (shapeshifter) (Vaults:4)
  7 iron trolls
  6 giant orange brains
  32 deep trolls
  A spatial maelstrom (Abyss:3)
  A deep troll (shapeshifter) (Depths:5)
  4 sea snakes (Shoals:3)
  6 flayed ghosts
  19 orc knights
  3 naga ritualists
  2 putrid demonspawn (Depths:3)
  A torturous demonspawn (Depths:3)
  10 deep elf archers
  A kraken simulacrum (Shoals:4)
  14 ironbrand convokers
  8 hill giants
  A lindwurm (Lair:7)
  42 ugly things
  2 human zombies (Vaults:4)
  8 phantasmal warriors
  17 deep elf magi
  11 harpies
  A tengu skeleton (Depths:4)
  A wolf spider zombie (D:15)
  6 mana vipers
  An oklob plant (Lair:8)
  3 wolf spiders
  5 necromancers
  9 cyclopes
  2 hornets (shapeshifter)
  14 griffons
  8 manticores
  A hornet (D:15)
  9 fauns
  7 salamanders
  A worldbinder (Abyss:3)
  A human skeleton (Vaults:4)
  6 orc sorcerers
  5 sixfirhies
  7 sirens
  16 guardian serpents
  3 elephants (Lair:8)
  A guardian serpent (shapeshifter) (Vaults:2)
  A rust devil (Abyss:2)
  7 centaur zombies
  An octopode (shapeshifter) (Vaults:3)
  16 black mambas
  11 vault sentinels
  3 water nymphs
  A black mamba (shapeshifter) (Vaults:3)
  16 naga magi
  2 torpor snails (Lair:8)
  4 gargoyles
  5 orange demons
  2 kobold demonologists
  20 spiny frogs
  2 smoke demons
  5 komodo dragons
  2 efreet
  9 rime drakes
  4 ice devils (Lair:8)
  5 freezing wraiths
  A komodo dragon (shapeshifter) (Depths:1)
  78 yaktaurs
  3 ancient zymes (Abyss:3)
  A redback zombie (Vaults:1)
  2 hellwings
  A merfolk (shapeshifter) (D:15)
  12 merfolk
  2 red devils
  2 tengu conjurers
  A queen bee (shapeshifter) (Depths:2)
  4 jumping spiders
  7 trolls
  An elf skeleton (Depths:4)
  Grinder (D:5)
  2 polar bears
  5 raiju
  2 wind drakes
  A two-headed ogre (shapeshifter) (D:14)
  9 snapping turtles
  25 two-headed ogres
  11 blink frogs
  7 large abominations
  44 slime creatures
  5 boulder beetles
  6 redbacks
  A ynoxinul (Depths:4)
  5 tarantellas
  9 air elementals
  8 shadows
  A wyvern (D:15)
  A vampire (D:10)
  5 small abominations
  65 yaks
  7 fire elementals
  6 water elementals
  7 spriggans
  20 wraiths
  A basilisk (shapeshifter) (Depths:1)
  19 hippogriffs
  A chaos spawn (Abyss:3)
  4 basilisks
  3 neqoxecs (Abyss:3)
  22 vampire mosquitoes
  Menkaure (D:5)
  A yaktaur simulacrum (Vaults:2)
  A hungry ghost (D:13)
  Edmund (D:6)
  A deep troll zombie (Vaults:4)
  31 nagas
  10 wargs
  6 mottled dragons
  A warg (shapeshifter) (Vaults:1)
  10 porcupines
  8 water moccasins
  A giant eyeball (Depths:5)
  10 hell hounds
  Duvessa (D:5)
  A black bear (Lair:3)
  A sky beast (shapeshifter) (Depths:2)
  58 orc warriors
  4 sky beasts
  2 ice beasts
  6 wasps
  A necrophage (D:12)
  An ettin simulacrum (Vaults:2)
  2 eyes of draining
  A phantom (D:13)
  82 ogres
  A boggart (shapeshifter) (Vaults:3)
  4 boggarts
  19 centaurs
  13 wolves
  A wolf (shapeshifter) (D:15)
  19 crocodiles
  5 big kobolds
  27 giant frogs
  A gnoll sergeant (D:7)
  A wyvern zombie (D:10)
  A yaktaur skeleton (Vaults:1)
  Dowan (D:5)
  2 deep troll simulacra
  A wyvern skeleton (D:13)
  3 scorpions
  18 killer bees
  5 wights
  6 howler monkeys
  12 crimson imps
  16 jellies
  3 quasits
  3 hounds
  A gnoll shaman (D:10)
  32 orc wizards
  32 orc priests
  3 giant frog skeletons
  3 iron imps (Depths:3)
  6 centaur skeletons
  10 worker ants
  10 iguanas
  7 hell rats (Lair:6)
  A boulder beetle simulacrum (Vaults:2)
  A killer bee zombie (D:9)
  13 sheep
  A hound skeleton (D:8)
  Robin (D:2)
  9 gnolls
  26 adders
  51 river rats
  7 shadow imps
  A white imp (Depths:3)
  An ufetubus (Depths:3)
  9 oozes
  4 worms
  4 dart slugs
  13 giant geckos
  115 orcs
  A ball python (shapeshifter) (Depths:2)
  21 giant cockroaches
  24 goblins
  14 hobgoblins
  4 jackals
  17 kobolds
  9 quokkas
  16 ball pythons
  8 bats
  2 giant gecko skeletons
  15 giant newts
  A goblin zombie (D:4)
  A jackal skeleton (D:4)
  30 rats
  12 bushes
  4 fire vortices
  28 fungi
  A lurking horror (Abyss:3)
  22 plants
  A starspawn tentacle (Abyss:3)
  A tentacle (Shoals:4)
2349 creatures vanquished.

Vanquished Creatures (collateral kills)
  Gastronok (Lair:2)
  A deep elf elementalist (Elf:3)
  A slime creature (Slime:2)
  2 jellies (Slime:2)
5 creatures vanquished.

Vanquished Creatures (others)
  A frost giant (Shoals:4)
  A merfolk impaler (Shoals:4)
  5 dancing weapons
  2 ugly things (D:14)
  A jumping spider (Depths:4)
  4 bushes (Lair:8)
  34 fire vortices
  17 fungi
  15 plants
  9 starspawn tentacles (Abyss:3)
  49 starspawn tentacle segments (Abyss:3)
  4 tentacles (Shoals:4)
  65 tentacle segments (Shoals:4)
207 creatures vanquished.

Grand Total: 2561 creatures vanquished

Notes
Turn   | Place    | Note
--------------------------------------------------------------
     0 | D:1      | Chiseanne the Demonspawn Wizard began the quest for the Orb.
     0 | D:1      | Reached XP level 1. HP: 13/13 MP: 4/4
   678 | D:1      | Gained mutation: When hurt, damage is shared between your health and your magic reserves. [demonic ancestry]
   678 | D:1      | Reached XP level 2. HP: 20/20 MP: 0/6
   943 | D:1      | Reached skill level 1 in Armour
  1564 | D:1      | Reached skill level 1 in Fighting
  1564 | D:1      | Gained mutation: You have a somewhat thin skeletal structure (Dex +2, Stealth). [demonic ancestry]
  1564 | D:1      | Reached XP level 3. HP: 26/26 MP: 3/7
  2557 | D:2      | Learned a level 2 spell: Blink
  2560 | D:2      | Learned a level 2 spell: Repel Missiles
  2564 | D:2      | Learned a level 3 spell: Mephitic Cloud
  2757 | D:2      | Found an opulent altar of Gozag.
  2771 | D:2      | Gained mutation: You have a moderately thin skeletal structure (Dex +4, Stealth+). [demonic ancestry]
  2771 | D:2      | Reached XP level 4. HP: 32/32 MP: 5/8
  2861 | D:2      | Became a worshipper of Gozag Ym Sagoz the Greedy
  3231 | D:2      | Noticed Robin
  3238 | D:2      | Killed Robin
  4172 | D:3      | Gained mutation: You have an unnaturally thin skeletal structure (Dex +6, Stealth++). [demonic ancestry]
  4172 | D:3      | Reached XP level 5. HP: 38/38 MP: 4/10
  4261 | D:4      | Found a runed door.
  4261 | D:4      | Noticed a human
  4265 | D:4      | Found a basalt altar of Yredelemnul.
  4311 | D:4      | Found Midgh's Book Emporium.
  4329 | D:4      | Noticed no0bjke's ghost (amateur GrBe)
  4355 | D:4      | Found a glowing drain.
  4364 | Sewer    | Entered a sewer
  4943 | Sewer    | Learned a level 3 spell: Conjure Flame
  4998 | Sewer    | Reached skill level 4 in Spellcasting
  5137 | Sewer    | Gained mutation: You regenerate magic rapidly. [demonic ancestry]
  5137 | Sewer    | Reached XP level 6. HP: 41/46 MP: 5/12
  5422 | D:4      | Found a staircase to the Ecumenical Temple.
  5571 | D:4      | Gained mutation: When low on magic, you restore magic in place of health. [demonic ancestry]
  5571 | D:4      | Reached XP level 7. HP: 44/51 MP: 5/13
  5668 | D:5      | Entered Level 5 of the Dungeon
  5688 | D:5      | Bought a cursed ring of loudness for 58 gold pieces
  5722 | D:5      | Noticed Dowan
  6586 | D:3      | Found an iron altar of Okawaru.
  6654 | D:4      | Reached skill level 5 in Spellcasting
  7273 | D:4      | Got a faintly glowing spear
  7274 | D:4      | Identified the +10 spear "Mostroole" {venom, *Corrode rPois Str+4 Dex+2} (You found it on level 4 of the Dungeon)
  7363 | D:4      | Reached skill level 5 in Conjurations
  7518 | Temple   | Entered the Ecumenical Temple
  7614 | D:5      | Noticed Grinder
  7688 | D:6      | Gained mutation: You are partially covered in sharp spines. [demonic ancestry]
  7688 | D:6      | Reached XP level 8. HP: 42/57 MP: 8/16
  7784 | D:6      | Found an ancient bone altar of Kikubaaqudgha.
  7961 | D:5      | Paralysed by Grinder for 4 turns
  7967 | D:5      | Killed Grinder
  7986 | D:5      | Bought the ring "Vabish" {Wiz SInv} for 535 gold pieces
  8007 | D:5      | Noticed Duvessa
  8028 | D:5      | Noticed Menkaure
  8385 | D:5      | Found a glowing golden altar of the Shining One.
  8478 | D:5      | Killed Duvessa
  8478 | D:5      | Reached skill level 5 in Armour
  8478 | D:5      | Killed Dowan
  8478 | D:5      | Reached skill level 6 in Spellcasting
  8700 | D:6      | Noticed Edmund
  8711 | D:6      | Killed Edmund
  8711 | D:6      | Reached skill level 1 in Shields
  8755 | D:6      | Noticed a moth of wrath
  8758 | D:6      | Found a bloodstained altar of Trog.
  9194 | D:7      | Gained mutation: You have a pair of small horns on your head. [demonic ancestry]
  9194 | D:7      | Reached XP level 9. HP: 62/62 MP: 15/18
  9438 | D:7      | Found a flagged portal.
  9450 | Bailey   | Entered a bailey
  9452 | Bailey   | Noticed skk's ghost (novice TrNe)
  9452 | Bailey   | Reached skill level 7 in Spellcasting
  9953 | D:7      | Got a pitted war axe
  9974 | D:7      | Found an oddly glowing altar of Pakellas.
 10043 | D:7      | Got a clouded steel ring
 10067 | D:7      | Reached skill level 8 in Spellcasting
 10256 | D:7      | Found an ancient bone altar of Kikubaaqudgha.
 10490 | D:7      | Found a blossoming altar of Fedhas.
 10513 | D:7      | Noticed an oklob plant
 10605 | D:8      | Reached XP level 10. HP: 68/68 MP: 17/22
 10694 | D:8      | Found a sparkling altar of Nemelex Xobeh.
 11016 | D:8      | Learned a level 3 spell: Inner Flame
 11022 | D:8      | Learned a level 5 spell: Fireball
 11091 | D:8      | Noticed a three-headed hydra
 11126 | D:8      | Killed a three-headed hydra
 11126 | D:8      | Reached skill level 9 in Spellcasting
 11345 | D:8      | Found a sacrificial altar of Ru.
 11362 | D:8      | Found a shadowy altar of Dithmenos.
 11914 | D:8      | Bought an iridescent long sword for 178 gold pieces
 11925 | D:9      | Reached skill level 10 in Conjurations
 11936 | D:9      | Found Plog's Antique Armour Emporium.
 12378 | D:9      | Found a sacrificial altar of Ru.
 12630 | D:10     | Entered Level 10 of the Dungeon
 12667 | D:10     | Reached skill level 10 in Spellcasting
 13035 | D:10     | Reached XP level 11. HP: 73/73 MP: 25/25
 13145 | D:10     | Noticed a hill giant
 13169 | D:10     | Killed a hill giant
 13169 | D:10     | Reached skill level 11 in Spellcasting
 13392 | D:10     | Found a bloodstained altar of Trog.
 13396 | D:10     | Identified the Grimoire of the Hurtful Escort
 13707 | D:10     | Found a staircase to the Orcish Mines.
 14645 | D:10     | Reached skill level 12 in Spellcasting
 14729 | D:11     | Noticed an unseen horror
 14736 | D:11     | Killed an unseen horror
 14740 | D:11     | Noticed a purple ugly thing
 14751 | D:11     | Killed a purple ugly thing
 14846 | D:11     | Noticed a purple ugly thing
 14863 | D:11     | Killed a purple ugly thing
 15265 | D:11     | Identified the ring of Pakellas's Wrath {rPois AC+2 Int+4} (You found it on level 7 of the Dungeon)
 15569 | D:11     | Reached skill level 13 in Spellcasting
 16076 | D:11     | Found a staircase to the Lair.
 16930 | D:12     | Noticed an unseen horror
 16939 | D:12     | Killed an unseen horror
 16939 | D:12     | Reached XP level 12. HP: 80/80 MP: 29/29
 17823 | D:13     | Reached skill level 14 in Spellcasting
 18474 | D:13     | Found a sacrificial altar of Ru.
 19163 | D:13     | Reached skill level 15 in Spellcasting
 19509 | D:14     | Noticed Urug
 19520 | D:14     | Killed Urug
 19741 | D:5      | Killed Menkaure
 19757 | D:5      | Bought the ring "Evadep" {rElec rC- MP+9 Int+6 Dex+4} for 960 gold pieces
 19916 | D:9      | Bought a pair of gloves for 121 gold pieces
 20108 | D:9      | Identified the +0 long sword "Cuamp" {venom, *Corrode rF++ Dex+4} (You bought it in a shop on level 8 of the Dungeon)
 20190 | D:11     | 1
 20502 | D:2      | Identified the +1 war axe "Wosirust" {freeze, *Noise +Blink rF+ MR+ SInv} (You found it on level 7 of the Dungeon)
 20745 | Orc:1    | Entered Level 1 of the Orcish Mines
 21355 | Orc:2    | Entered Level 2 of the Orcish Mines
 21553 | Orc:2    | Noticed a stone giant
 21575 | Orc:2    | Killed a stone giant
 21611 | Orc:2    | Reached skill level 16 in Spellcasting
 21744 | Orc:2    | Noticed an orc high priest
 21749 | Orc:2    | Killed an orc high priest
 21749 | Orc:2    | Reached XP level 13. HP: 75/85 MP: 29/33
 21872 | Orc:2    | Noticed Saint Roka
 21913 | Orc:2    | Killed Saint Roka
 22099 | Orc:2    | Found a roughly hewn altar of Beogh.
 22110 | Orc:2    | Found a staircase to the Elven Halls.
 22474 | Orc:2    | Found Xiempov's General Store.
 22482 | Orc:2    | Reached skill level 17 in Spellcasting
 22494 | Orc:2    | Found Bockate's Antique Weapon Emporium.
 22700 | Orc:2    | Found Ecaegoysm's Jewellery Emporium.
 22703 | Orc:2    | Found Ydwyit's Antique Armour Emporium.
 22731 | Orc:2    | Bought a cursed -2 ring of intelligence for 26 gold pieces
 22731 | Orc:2    | Bought a cursed amulet of inaccuracy for 26 gold pieces
 23718 | D:14     | Noticed Agnes
 23725 | D:14     | Killed Agnes
 24004 | D:14     | Noticed Azrael
 24503 | D:4      | Bought a book of Clouds for 450 gold pieces
 24511 | D:4      | Learned a level 6 spell: Freezing Cloud
 24677 | Lair:1   | Entered Level 1 of the Lair of Beasts
 24958 | Lair:1   | Reached skill level 18 in Spellcasting
 24960 | Lair:1   | Reached skill level 1 in Ice Magic
 25689 | Lair:2   | Reached XP level 14. HP: 91/91 MP: 34/36
 26019 | Lair:2   | Noticed Gastronok
 26033 | Lair:2   | Killed Gastronok
 26827 | Lair:3   | Found a staircase to the Snake Pit.
 26896 | D:11     | Bought a +2 buckler of fire resistance for 387 gold pieces
 27372 | Lair:4   | Reached skill level 5 in Ice Magic
 27622 | Lair:4   | Found a staircase to the Shoals.
 29327 | Lair:6   | Noticed Josephine
 29330 | Lair:6   | Killed Josephine
 30439 | Lair:7   | Gained mutation: You have a pair of horns on your head. [demonic ancestry]
 30439 | Lair:7   | Reached XP level 15. HP: 96/96 MP: 6/37
 31353 | Lair:7   | Reached skill level 10 in Ice Magic
 31724 | Lair:8   | Entered Level 8 of the Lair of Beasts
 32291 | Lair:8   | Reached skill level 19 in Spellcasting
 32303 | Lair:8   | Learned a level 5 spell: Aura of Abjuration
 32905 | Lair:8   | Found a snail-covered altar of Cheibriados.
 33566 | Lair:8   | Found a burning altar of Makhleb.
 33575 | Lair:8   | Found a gateway to Hell.
 34590 | Lair:8   | Found a staircase to the Slime Pits.
 34949 | D:14     | Reached skill level 1 in Fire Magic
 35215 | D:14     | Found a gate to the Vaults.
 35484 | D:14     | Killed Azrael
 35925 | D:15     | Entered Level 15 of the Dungeon
 36216 | D:15     | Reached XP level 16. HP: 102/102 MP: 39/39
 36249 | D:15     | Noticed Nessos
 36261 | D:15     | Killed Nessos
 36640 | D:15     | Found an iron altar of Okawaru.
 36641 | D:15     | Found a stormy altar of Qazlal.
 36641 | D:15     | Found a stormy altar of Qazlal.
 36970 | D:15     | Reached skill level 5 in Fire Magic
 37168 | D:15     | Found a staircase to the Depths.
 37304 | D:15     | Noticed a sphinx
 37320 | D:15     | Killed a sphinx
 37792 | D:15     | Reached skill level 20 in Spellcasting
 38251 | D:15     | Noticed a storm dragon
 38343 | D:15     | Killed a storm dragon
 39031 | D:15     | Noticed a sphinx
 39223 | D:15     | Killed a sphinx
 39325 | D:15     | Got a polished hunting sling
 39329 | D:15     | Identified the cursed +3 hunting sling "Ivargh" {flame, -Tele rPois Str+8 Int-2} (You took it off an orc knight on level 15 of the Dungeon)
 39332 | D:15     | Got a shimmering scimitar {flame}
 39333 | D:15     | Identified the +5 scimitar "Beudwas" {flame, Fragile Dex+6} (You took it off an orc knight on level 15 of the Dungeon)
 40015 | D:15     | Bought a manual of Dodging for 1766 gold pieces
 40022 | D:15     | Bought a book of Ice for 1040 gold pieces
 40030 | D:15     | Learned a level 6 spell: Bolt of Cold
 40037 | Depths:1 | Entered Level 1 of the Depths
 40246 | Depths:1 | Reached skill level 5 in Dodging
 40355 | Depths:1 | Gained mutation: You have a pair of large horns on your head. [demonic ancestry]
 40355 | Depths:1 | Reached XP level 17. HP: 104/107 MP: 29/41
 40595 | Depths:1 | Found Eliucac's Magic Scroll Boutique.
 40774 | Depths:1 | Bought a scroll of fear for 70 gold pieces
 40774 | Depths:1 | Bought a scroll of fog for 40 gold pieces
 40774 | Depths:1 | Bought a scroll of identify for 40 gold pieces
 40774 | Depths:1 | Bought a scroll of identify for 40 gold pieces
 40774 | Depths:1 | Bought a scroll of fog for 40 gold pieces
 42127 | Depths:2 | Reached skill level 10 in Dodging
 43582 | Depths:2 | Noticed a lich
 43591 | Depths:2 | Killed a lich
 43624 | Depths:2 | Reached skill level 10 in Fire Magic
 44113 | Depths:2 | Noticed Jory
 44582 | Depths:3 | Paralysed by a vampire knight for 2 turns
 44876 | D:15     | Bought a +0 pair of boots of stealth for 149 gold pieces
 44914 | D:15     | Learned a level 7 spell: Ring of Flames
 45181 | Snake:1  | Entered Level 1 of the Snake Pit
 45198 | Snake:1  | Reached XP level 18. HP: 114/114 MP: 28/42
 45289 | Snake:1  | Reached skill level 1 in Air Magic
 46050 | Snake:2  | Learned a level 3 spell: Regeneration
 46079 | Snake:2  | Noticed feelmyfire's ghost (adept MiFi)
 46092 | Snake:2  | Killed feelmyfire's ghost
 46486 | Snake:3  | Reached skill level 1 in Charms
 46513 | Snake:4  | Entered Level 4 of the Snake Pit
 47200 | Snake:4  | Reached skill level 5 in Air Magic
 48219 | Snake:4  | Reached skill level 5 in Charms
 48702 | Snake:4  | Noticed Louise
 48707 | Snake:4  | Killed Louise
 49484 | Snake:4  | Noticed Jorgrun
 49497 | Snake:4  | Killed Jorgrun
 49648 | Snake:4  | Gained mutation: You resist negative energy. [demonic ancestry]
 49648 | Snake:4  | Reached XP level 19. HP: 103/119 MP: 22/43
 50312 | Snake:4  | Got a serpentine rune of Zot
 50970 | D:15     | Bought a smoking buckler for 437 gold pieces
 50970 | D:15     | Bought a colourful robe for 262 gold pieces
 50970 | D:15     | Bought a crude robe for 262 gold pieces
 50973 | D:15     | Identified the -5 buckler "Ebled" {rCorr} (You bought it in a shop on level 15 of the Dungeon)
 50975 | D:15     | Identified the +2 robe "Takouneb" {rElec rC+ rN+ MP-9} (You bought it in a shop on level 15 of the Dungeon)
 50976 | D:15     | Identified the +1 robe "Eguub" {rPois Str+4} (You bought it in a shop on level 15 of the Dungeon)
 51221 | Shoals:1 | Entered Level 1 of the Shoals
 52110 | Shoals:3 | Found Zucuuz's Magic Scroll Boutique.
 52132 | Shoals:3 | Bought 3 scrolls of identify for 120 gold pieces
 52132 | Shoals:3 | Bought a scroll of identify for 40 gold pieces
 52132 | Shoals:3 | Bought a scroll of teleportation for 60 gold pieces
 52132 | Shoals:3 | Bought a scroll of teleportation for 60 gold pieces
 52132 | Shoals:3 | Bought a scroll of magic mapping for 70 gold pieces
 52132 | Shoals:3 | Bought a scroll of enchant armour for 150 gold pieces
 52147 | Shoals:3 | Reached skill level 21 in Spellcasting
 52295 | Shoals:3 | Found a bloodstained altar of Trog.
 52339 | Shoals:4 | Entered Level 4 of the Shoals
 52349 | Shoals:4 | Found a frozen archway.
 52908 | Shoals:4 | Noticed Ilsuiw
 53075 | Shoals:4 | Killed Ilsuiw
 53437 | Shoals:4 | Got a barnacled rune of Zot
 53747 | Vaults:1 | Entered Level 1 of the Vaults
 53836 | Vaults:1 | Learned a level 7 spell: Orb of Destruction
 54353 | Vaults:1 | Found Ruci's General Store.
 54582 | Vaults:1 | Bought a potion of degeneration for 17 gold pieces
 54582 | Vaults:1 | Bought a potion of brilliance for 68 gold pieces
 54582 | Vaults:1 | Bought a slice of pizza for 25 gold pieces
 54998 | Vaults:1 | Gained mutation: You are somewhat able to resist unholy torments (1 in 2 success). [demonic ancestry]
 54998 | Vaults:1 | Reached XP level 20. HP: 125/125 MP: 27/45
 55650 | Vaults:2 | Noticed Aizul
 55657 | Vaults:2 | Killed Aizul
 55863 | Vaults:2 | Found a staircase to the Crypt.
 55865 | Vaults:2 | Reached skill level 22 in Spellcasting
 55937 | Vaults:2 | Found Cumpub's Antique Weapon Emporium.
 56665 | Vaults:2 | Noticed Xtahua
 56673 | Vaults:2 | Killed Xtahua
 58277 | Vaults:3 | Reached skill level 23 in Spellcasting
 60342 | Vaults:4 | Reached XP level 21. HP: 130/130 MP: 48/48
 60385 | Vaults:4 | Got a thick robe
 60387 | Vaults:4 | Identified the +1 robe of Immorality {+Inv +Fly Str-3} (You found it on level 4 of the Vaults)
 60389 | Vaults:4 | Found Hevvunk's Weapon Shoppe.
 60487 | Vaults:4 | Cast into level 2 of the Abyss (a deep elf demonologist)
 60557 | Abyss:2  | Found an ancient bone altar of Kikubaaqudgha.
 60630 | Vaults:4 | Escaped the Abyss
 61292 | Vaults:4 | Reached skill level 24 in Spellcasting
 61608 | Vaults:4 | Found Taakom's Book Boutique.
 61608 | Vaults:4 | Found Weerrucw's Book Boutique.
 61627 | Vaults:4 | Bought a book of Annihilations for 2097 gold pieces
 61638 | Vaults:4 | Learned a level 9 spell: Fire Storm
 61640 | Vaults:4 | Found Baofyhud's Food Boutique.
 61662 | Vaults:4 | Bought a fruit for 21 gold pieces
 61662 | Vaults:4 | Bought a fruit for 21 gold pieces
 61662 | Vaults:4 | Bought 3 fruits for 63 gold pieces
 61662 | Vaults:4 | Bought a royal jelly for 28 gold pieces
 61662 | Vaults:4 | Bought a beef jerky for 21 gold pieces
 61662 | Vaults:4 | Bought 2 fruits for 42 gold pieces
 63301 | D:15     | Bought a manual of Dodging for 1987 gold pieces
 63472 | Depths:2 | Killed Jory
 64532 | Depths:2 | Identified the Tome of Damaging Enchantment
 65555 | Depths:3 | Reached XP level 22. HP: 123/136 MP: 9/50
 65701 | Depths:3 | Reached skill level 15 in Dodging
 66385 | Depths:3 | Found a one-way gate leading to the halls of Pandemonium.
 67295 | Depths:4 | HP: 5/136 [stone giant/large rock (30)]
 68122 | Depths:4 | Found a huge runed gate.
 68122 | Depths:4 | Found a huge runed gate.
 68339 | Depths:4 | Found a huge runed gate.
 68339 | Depths:4 | Found a huge runed gate.
 68339 | Depths:4 | Found a huge runed gate.
 68354 | Depths:4 | Found a huge runed gate.
 68354 | Depths:4 | Found a huge runed gate.
 68364 | Depths:4 | Found a huge runed gate.
 68367 | Depths:4 | Found a huge runed gate.
 68367 | Depths:4 | Found a huge runed gate.
 68367 | Depths:4 | Found a huge runed gate.
 68367 | Depths:4 | Found a huge runed gate.
 68367 | Depths:4 | Found a huge runed gate.
 68410 | Depths:4 | Found a huge runed gate.
 68413 | Depths:4 | Found a huge runed gate.
 68531 | Depths:4 | Found a huge runed gate.
 68531 | Depths:4 | Found a huge runed gate.
 68531 | Depths:4 | Found a huge runed gate.
 68531 | Depths:4 | Found a huge runed gate.
 68531 | Depths:4 | Found a huge runed gate.
 68540 | Depths:4 | Found a huge runed gate.
 68542 | Depths:4 | Found a huge runed gate.
 68542 | Depths:4 | Noticed a golden dragon
 68551 | Depths:4 | Killed a golden dragon
 68678 | Depths:4 | Found a huge runed gate.
 68679 | Depths:4 | Found a huge runed gate.
 68679 | Depths:4 | Found a huge runed gate.
 70312 | Depths:4 | Reached XP level 23. HP: 141/141 MP: 51/51
 70367 | Depths:4 | Found a one-way gate to the infinite horrors of the Abyss.
 70428 | Depths:4 | Reached skill level 15 in Conjurations
 70450 | Depths:4 | Found a huge runed gate.
 70455 | Depths:4 | Found a huge runed gate.
 70455 | Depths:4 | Found a huge runed gate.
 70537 | Depths:4 | Noticed a caustic shrike
 70749 | Depths:4 | Killed a caustic shrike
 71073 | Depths:4 | Reached skill level 15 in Fire Magic
 71094 | Depths:5 | Entered Level 5 of the Depths
 71190 | Depths:5 | Noticed a juggernaut
 71192 | Depths:5 | Noticed the Enchantress
 71205 | Depths:5 | Killed a juggernaut
 71268 | Depths:5 | HP: 2/141 [spriggan air mage/the air (16)]
 71652 | Depths:5 | Found a gateway to a ziggurat.
 71652 | Depths:5 | Noticed a juggernaut
 72079 | Depths:5 | Killed a juggernaut
 72151 | Depths:5 | Killed the Enchantress
 72276 | Depths:5 | Got a faerie dragon armour
 72370 | Depths:4 | Identified the +6 faerie dragon armour {rN+} (You took it off the Enchantress on level 5 of the Depths)
 73270 | Depths:5 | Found a gate to the Realm of Zot.
 73536 | Depths:5 | Got a twisted falchion
 73539 | Depths:5 | Identified the +8 falchion "Cathiugu" {holy, rElec rF- rN+ Dex+8} (You found it on level 5 of the Depths)
 73835 | D:15     | Learned a level 9 spell: Glaciate
 73919 | D:15     | Bought the amulet of the Air {Inacc +Fly rElec EV+5 RMsl} for 761 gold pieces
 73940 | D:15     | Bought the +2 cloak of Starlight {rElec rC+ EV+4 Stlth--} for 1039 gold pieces
 73940 | D:15     | Bought the +3 salamander hide armour {+Rage rF++} for 945 gold pieces
 74158 | Elf:1    | Entered Level 1 of the Elven Halls
 74439 | Elf:3    | Entered Level 3 of the Elven Halls
 74636 | Elf:3    | Cast into level 3 of the Abyss (a deep elf sorcerer)
 74636 | Abyss:3  | Found a corrupted altar of Lugonu.
 74781 | Abyss:3  | Found a corrupted altar of Lugonu.
 74820 | Abyss:3  | Reached XP level 24. HP: 139/148 MP: 45/51
 75269 | Elf:3    | Escaped the Abyss
 75449 | Elf:3    | Got a faintly humming ring mail
 75450 | Elf:3    | Identified the +1 ring mail of Zixtor {Str-4 Slay+4} (You found it on level 3 of the Elven Halls)
 75457 | Elf:3    | Identified Woecotuf's Reference Book on the Snowflakes
 75525 | Elf:3    | Got a heavily runed wooden ring
 75527 | Elf:3    | Got a glittering ivory amulet
 76045 | D:15     | Bought a brightly glowing ring mail for 414 gold pieces
 76045 | D:15     | Identified the +2 ring mail of Purpose {rF+ Regen+ Str-3} (You bought it in a shop on level 15 of the Dungeon)
 76251 | D:15     | Bought the +3 warlock's mirror {reflect} for 370 gold pieces
 76267 | D:15     | Identified the amulet of Ymish {RegenMP rPois rF+} (You found it on level 3 of the Elven Halls)
 76271 | D:15     | Identified the ring of Exzosa {*Drain AC+3 Dex+6} (You found it on level 3 of the Elven Halls)
 76515 | Temple   | Fell from the grace of Gozag
 76515 | Temple   | Became a worshipper of Vehumet
 76826 | Slime:1  | Entered Level 1 of the Pits of Slime
 77317 | Slime:2  | Reached * piety under Vehumet
 77317 | Slime:2  | Offered knowledge of Shock by Vehumet.
 77340 | Slime:2  | Slain by an acid blob

Skill      XL: |  1  2  3  4  5  6  7  8  9 10 11 12 13 14 15 16 17 18 19 20 21 22 23 24 |
---------------+-------------------------------------------------------------------------+-----
Armour         | 1 2 3 4 5 |  5.1
Conjurations   | 2 3 4 5 6 8 10 11 12 14 17 18 | 18.2
Fighting       | 1 2 |  2.5
Spellcasting   | 4 5 6 8 10 13 16 18 19 20 21 23 24 | 24.2
Shields        | 2 4 |  4.0
Ice Magic      | 2 9 11 | 11.5
Fire Magic     | 4 8 11 12 14 16 17 | 17.4
Dodging        | 6 11 14 15 | 15.9
Air Magic      | 7 |  7.0
Summonings     | 4 |  4.1
Charms         | 8 9 |  9.0
Stealth        | |  1.7
Translocations | |  0.8

Action                   |  1- 3 |  4- 6 |  7- 9 | 10-12 | 13-15 | 16-18 | 19-21 | 22-24 || total
-------------------------+-------+-------+-------+-------+-------+-------+-------+-------++-------
Melee: Whip              |     7 |       |       |       |       |       |       |       ||     7
       Dagger            |    14 |    10 |       |       |       |       |       |       ||    24
       Hand axe          |       |    35 |    13 |       |       |       |       |       ||    48
       Spear             |       |       |    45 |   133 |       |     4 |       |       ||   182
       Headbutt          |       |       |     2 |    29 |    14 |     7 |     4 |       ||    56
       Staff             |       |       |       |     6 |    15 |    11 |    13 |     2 ||    47
       Long sword        |       |       |       |       |    11 |    11 |       |       ||    22
 Fire: Blowgun           |       |       |       |    28 |       |       |       |       ||    28
Throw: Stone             |       |       |       |     1 |       |       |       |       ||     1
 Cast: Magic Dart        |   112 |   269 |   316 |   776 |    77 |    15 |     1 |     7 ||  1573
       Repel Missiles    |     1 |     1 |       |     4 |       |     4 |     5 |     3 ||    18
       Mephitic Cloud    |       |     6 |    36 |    35 |     6 |       |       |       ||    83
       Blink             |       |     1 |     6 |    29 |   102 |    98 |    16 |    28 ||   280
       Conjure Flame     |       |       |    10 |    45 |     6 |     5 |       |       ||    66
       Fireball          |       |       |       |   118 |   591 |   376 |   237 |    97 ||  1419
       Freezing Cloud    |       |       |       |       |    96 |   176 |   263 |   111 ||   646
       Bolt of Cold      |       |       |       |       |       |   295 |   597 |   341 ||  1233
       Ring of Flames    |       |       |       |       |       |       |     1 |       ||     1
       Aura of Abjuratio |       |       |       |       |       |       |     2 |     1 ||     3
       Orb of Destructio |       |       |       |       |       |       |    18 |   171 ||   189
       Fire Storm        |       |       |       |       |       |       |       |    23 ||    23
Invok: Call Merchant     |       |       |     1 |     2 |     1 |     3 |     2 |     1 ||    10
Evoke: Wand              |       |       |       |     3 |     3 |    11 |     7 |     1 ||    25
       Box of beasts     |       |       |       |       |     6 |     4 |       |       ||    10
       Phantom mirror    |       |       |       |       |     1 |       |       |       ||     1
       Fan of gales      |       |       |       |       |       |     1 |       |     2 ||     3
       Phial of floods   |       |       |       |       |       |     1 |       |     1 ||     2
       Stone of tremors  |       |       |       |       |       |       |       |     1 ||     1
  Use: Scroll            |     3 |     9 |     8 |     7 |     3 |    13 |     8 |    33 ||    84
       Potion            |       |       |     7 |     3 |     3 |     5 |     3 |    13 ||    34
 Stab: Sleeping          |       |     2 |     2 |     1 |       |     1 |       |       ||     6
       Confused          |       |     2 |     7 |     4 |       |       |       |       ||    13
       Distracted        |       |       |       |     2 |       |       |     2 |       ||     4
  Eat: Chunk             |     6 |       |       |       |       |       |       |       ||     6
       Fruit             |       |     5 |       |    12 |     7 |    15 |    11 |       ||    50
       Pizza             |       |     1 |     1 |     8 |     5 |     1 |     2 |       ||    18
       Beef jerky        |       |     1 |       |     2 |     2 |     1 |     3 |     1 ||    10
       Bread ration      |       |     1 |     1 |     3 |     2 |     6 |     5 |     2 ||    20
       Meat ration       |       |       |     2 |       |     3 |       |     1 |     5 ||    11
       Royal jelly       |       |       |       |       |     2 |       |     2 |       ||     4
Armor: Leather armour    |    12 |    32 |    24 |    49 |    44 |    34 |       |       ||   195
       Robe              |       |       |       |       |       |     2 |    36 |    33 ||    71
Dodge: Dodged            |    20 |    82 |    58 |   121 |    57 |   159 |   227 |   204 ||   928
       Deflected         |     1 |     1 |     1 |     7 |     8 |    18 |    48 |    19 ||   103
Block: Buckler           |       |       |    18 |    76 |    46 |    79 |   137 |    88 ||   444
